Map: Dusk Towers

Players

FoxeR - Winner!

  • Race: Terran Terran
  • League: Master

WangChang

  • Race: Zerg Zerg
  • League: Master

VOD

Have the link to the VOD?

Description

Time

  • Played on: Jan. 18, 2016, 10:19 p.m.
  • Length: 12:43
Show
View Real Time Build Order
Export as new Build Order

FoxeR Terran - Winner!

Build Orders: Command Center First (CC), Bio Tank 

Get SALT Encoding   

  12  0:01  SCV  
  13  0:13  SCV  
  14  0:17  Supply Depot  
  14  0:25  SCV  
  15  0:39  SCV  
  16  0:51  SCV  
  17  1:00  Command Center  
  17  1:05  SCV  
  17  1:11  Refinery  
  18  1:20  SCV  
  19  1:27  Barracks  
  19  1:32  SCV  
  20  1:44  SCV  
  21  1:56  SCV  
  22  2:13  Marine  
  22  2:14  Orbital Command x2  
  23  2:16  Factory  
  23  2:21  Refinery  
  23  2:34  Marine  
  24  2:40  SCV  
  24  2:41  SCV  
  26  2:52  SCV, Marine  
  26  2:55  SCV  
  29  3:01  Factory Tech Lab  
  29  3:05  SCV  
  30  3:07  Command Center  
  30  3:08  SCV  
  30  3:11  Barracks Reactor  
  31  3:14  Supply Depot  
  31  3:17  SCV  
  32  3:20  SCV  
  32  3:26  Siege Tank  
  36  3:29  SCV  
  36  3:32  SCV  
  38  3:36  Engineering Bay x2  
  38  3:41  SCV  
  39  3:44  SCV  
  39  3:47  Marine x2  
  41  3:53  SCV  
  42  3:56  SCV  
  42  3:59  Siege Tank  
  46  4:04  Terran Infantry Weapons Level 1  
  46  4:05  Refinery  
  46  4:06  Terran Infantry Armor Level 1  
  46  4:09  Refinery  
  46  4:12  Supply Depot  
  46  4:19  SCV x2, Orbital Command, Marine x2  
  46  4:22  Supply Depot  
  50  4:31  SCV x2  
  52  4:43  SCV  
  53  4:48  Barracks  
  53  4:49  Barracks  
  53  4:50  Barracks x2  
  53  4:56  Starport  
  53  4:59  SCV x3  
  56  5:00  Marine x2  
  56  5:01  Factory Reactor  
  58  5:10  Armory  
  58  5:11  SCV  
  59  5:15  SCV  
  59  5:19  Supply Depot  
  60  5:24  Supply Depot  
  60  5:26  SCV  
  60  5:27  Marine x2  
  60  5:28  Supply Depot  
  63  5:37  Orbital Command  
  63  5:38  Barracks Reactor, Missile Turret  
  63  5:39  Barracks Reactor, Stimpack, Missile Turret  
  63  5:43  SCV  
  63  5:46  Marine  
  63  5:47  Factory Tech Lab, Marine x3  
  68  5:53  SCV  
  68  5:55  SCV  
  70  6:04  Marine x2, Terran Infantry Weapons Level 2, Terran Infantry Armor Level 2  
  70  6:05  Barracks Reactor, Marine  
  70  6:06  SCV x2  
  70  6:08  SCV  
  76  6:12  Orbital Command  
  76  6:13  Supply Depot  
  76  6:17  Marine x2  
  78  6:18  SCV  
  78  6:19  SCV, Marine x2  
  78  6:22  Marine x2  
  78  6:23  Terran Vehicle Weapons Level 1  
  78  6:24  SCV  
  85  6:34  Supply Depot  
  85  6:36  Supply Depot, Marine x2  
  85  6:37  SCV x2  
  85  6:38  SCV  
  85  6:39  Marine x2  
  92  6:43  Siege Tank  
  95  6:49  SCV  
  95  6:50  SCV  
  95  6:53  Marine x2  
  99  6:54  Marine  
  99  6:55  Marine  
  99  6:56  Medivac x2  
  99  6:58  Supply Depot x2  
  99  6:59  Marine x3  
  108  7:01  Marine  
  108  7:02  Marine  
  108  7:07  Missile Turret  
  110  7:11  Marine x2  
  110  7:13  Marine  
  113  7:24  Supply Depot  
  113  7:26  Medivac x2  
  113  7:27  Supply Depot, Marine  
  113  7:28  SCV x3  
  113  7:29  Marine x3  
  126  7:30  Marauder  
  126  7:31  Thor  
  126  7:36  Barracks  
  132  7:37  Factory, Refinery  
  132  7:39  Refinery  
  132  7:40  SCV x3  
  135  7:48  Supply Depot x2  
  135  7:49  Combat Shields  
  135  7:50  Marine x4  
  135  7:51  Marauder, Marine x2  
  143  8:03  Marine  
  144  8:06  Marine  
  147  8:14  Marine  
  147  8:16  Marine x2  
  147  8:17  Siege Tank  
  147  8:19  Terran Vehicle Weapons Level 2  
  151  8:20  Marine x4  
  151  8:21  Marine  
  151  8:22  Factory Tech Lab  
  151  8:24  Marine  
  157  8:28  Marine  
  157  8:30  Medivac x2  
  157  8:32  Marine  
  157  8:33  Supply Depot  
  157  8:34  Terran Infantry Weapons Level 3, Marine  
  161  8:45  Siege Tank, Marine x4  
  161  8:46  Marine x3  
  161  8:47  Barracks Reactor  
  170  8:49  Siege Tank  
  170  8:53  Command Center  
  170  8:54  Marine x2  
  175  8:59  Supply Depot x2  
  175  9:03  Marine  
  175  9:08  Marauder  
  175  9:09  Marine x2  
  174  9:26  Marine x3  
  174  9:27  Siege Tank, Marine  
  174  9:29  Marauder  
  173  9:31  Marine x3  
  173  9:32  Medivac, Siege Tank, Marine x2  
  173  9:33  Medivac  
  185  9:39  Terran Infantry Armor Level 3, Barracks  
  185  9:41  Barracks  
  185  9:46  Marine x3  
  185  9:48  Marine x2  
  185  9:49  Marine x2  
  185  9:51  Marauder  
  168  10:02  Marine x2  
  168  10:06  Marine  
  166  10:10  Marine  
  166  10:12  Marauder  
  166  10:13  Marine  
  169  10:21  Marine  
  169  10:23  Marine x2  
  169  10:26  Medivac, Marine  
  175  10:32  Medivac  
  175  10:34  Marauder  
  175  10:51  Marine  
  175  10:55  Marauder  
  175  10:56  Medivac  
  141  11:04  Marine  
  141  11:05  Marine x2  
  141  11:06  Marine x8  
  141  11:08  Siege Tank x2  
  141  11:09  Marine  
  149  11:16  Marauder  
  151  11:22  Marine  
  151  11:23  Marine x4  
  156  11:27  Marine  
  156  11:28  Marine x3  
  156  11:30  Planetary Fortress  
  159  11:36  Barracks Reactor x2  
  159  11:37  Marine x2  
  159  11:39  Command Center  
  161  11:40  Siege Tank x2, Marine  
  161  11:45  Marine  
  161  11:46  Marine  
  170  11:52  Marine x2  
  170  11:53  Medivac x2, Marine  
  175  12:03  Marine x2  
  169  12:11  Marine x2  
  169  12:14  Marine x3  
  169  12:15  Marine x4  
Show
View Real Time Build Order
Export as new Build Order

WangChang Zerg 

Build Orders: Hatch First 

Get SALT Encoding   

  12  0:01  Drone  
  13  0:08  Drone  
  14  0:17  Overlord  
  14  0:26  Extractor  
  14  0:27  Drone  
  14  0:29  Drone, Extractor  
  17  0:35  Drone  
  17  0:54  Hatchery  
  17  0:56  Drone  
  17  1:01  Extractor  
  17  1:02  Drone  
  17  1:08  Drone  
  18  1:19  Spawning Pool  
  18  1:22  Drone  
  18  1:28  Drone  
  19  1:37  Drone  
  20  1:48  Overlord  
  20  2:05  Metabolic Boost  
  20  2:06  Queen  
  20  2:08  Queen  
  22  2:09  Zergling x4  
  22  2:13  Drone  
  27  2:22  Drone x2  
  29  2:34  Drone  
  30  2:47  Hatchery  
  30  2:48  Drone x3  
  30  2:51  Overlord  
  32  2:56  Drone  
  33  3:03  Drone  
  33  3:04  Drone  
  35  3:09  Queen  
  35  3:12  Overlord  
  37  3:18  Drone x4  
  41  3:24  Overlord  
  41  3:25  Drone  
  42  3:35  Drone x4  
  42  3:38  Extractor  
  42  3:40  Extractor  
  44  3:44  Roach Warren  
  43  3:53  Drone  
  43  3:54  Drone x3  
  47  4:00  Drone x2  
  47  4:01  Drone x2  
  51  4:04  Queen  
  51  4:06  Drone x2  
  51  4:07  Drone  
  56  4:13  Drone x2  
  58  4:21  Lair  
  58  4:25  Roach x3  
  63  4:40  Overlord  
  63  4:46  Drone x2  
  63  4:47  Overlord x3  
  65  5:03  Drone  
  65  5:04  Drone x6  
  65  5:05  Drone  
  73  5:07  Extractor  
  73  5:13  Roach  
  73  5:14  Roach x4  
  82  5:21  Glial Reconstitution  
  82  5:25  Drone x5  
  87  5:32  Drone x2  
  89  5:36  Overseer x2  
  89  5:38  Evolution Chamber, Ravager  
  89  5:39  Evolution Chamber, Ravager  
  89  5:44  Overlord x2  
  89  5:50  Overlord x2, Extractor  
  89  5:51  Overlord  
  88  5:58  Extractor  
  88  6:03  Overlord  
  88  6:04  Overlord  
  87  6:07  Zerg Missile Weapons Level 1  
  87  6:08  Zerg Ground Armor Level 1  
  87  6:11  Drone x4  
  89  6:12  Drone x2  
  89  6:13  Hatchery  
  89  6:15  Drone x3  
  89  6:17  Roach  
  89  6:18  Roach x4  
  105  6:23  Overseer  
  105  6:31  Roach  
  105  6:32  Roach x6  
  121  6:33  Roach x2  
  123  6:47  Spore Crawler, Drone x3  
  123  6:49  Spore Crawler  
  124  6:56  Spore Crawler, Spine Crawler  
  124  6:58  Drone x4  
  124  6:59  Drone x6  
  132  7:05  Roach x2  
  136  7:11  Overlord x3  
  136  7:21  Infestation Pit  
  136  7:22  Extractor  
  134  7:24  Drone x3  
  134  7:26  Extractor  
  134  7:29  Roach x4  
  146  7:30  Roach x3  
  150  7:42  Spine Crawler  
  150  7:43  Spine Crawler  
  148  7:50  Roach  
  148  7:51  Roach x9  
  160  7:54  Overlord x2  
  168  8:02  Hive  
  168  8:03  Zerg Missile Weapons Level 2  
  168  8:04  Zerg Ground Armor Level 2  
  168  8:13  Ravager x3  
  168  8:14  Ravager x4  
  175  8:21  Drone x4, Spine Crawler  
  175  8:23  Pathogen Glands  
  178  8:52  Infestor x3  
  184  8:57  Hatchery  
  184  8:59  Spore Crawler  
  184  9:00  Spine Crawler  
  184  9:01  Drone x3  
  184  9:12  Spore Crawler  
  184  9:13  Spine Crawler  
  184  9:14  Spine Crawler  
  178  9:23  Drone x3  
  174  9:25  Drone x4  
  175  9:31  Drone x3  
  175  9:33  Drone x3  
  175  9:36  Spine Crawler  
  175  9:37  Drone x2  
  175  9:38  Spine Crawler  
  181  9:39  Spore Crawler  
  181  9:41  Infestor x2  
  181  9:44  Overlord x4  
  184  9:52  Spire  
  139  10:00  Roach x4  
  139  10:01  Roach x3  
  153  10:10  Ravager x6  
  153  10:13  Roach x4  
  167  10:20  Zergling x2  
  160  10:21  Zergling x14  
  160  10:22  Zergling x6  
  168  10:32  Roach  
  168  10:33  Roach x3  
  176  10:36  Roach x3  
  176  10:37  Roach  
  184  10:45  Roach x2  
  184  10:46  Roach x2  
  192  10:50  Overlord x3  
  137  11:07  Roach x6  
  137  11:08  Roach x5  
  117  11:17  Roach  
  117  11:18  Roach x3  
  116  11:26  Roach x3  
  116  11:27  Roach x5  
  116  11:28  Roach x3  
  116  11:32  Ravager x2  
  135  11:33  Ravager  
  135  11:34  Ravager  
  135  11:38  Roach x4  
  136  11:45  Roach  
  135  11:52  Roach x3  
  131  11:57  Infestor x2  
  107  12:16  Roach x6  
  107  12:17  Roach x7  
Tags
 
Add a new tag
Caveats
  • Supply blocks, unpowered buildings, or Contaminate may cause inaccurate times.
  • Supply counts are checked every 10 seconds.